EL
READING FIGHTIN PHILS @ PENSACOLA BLUE WAHOOS
09/02/2048
 
TOP OF THE 1ST
Reading Fightin Phils batting - Pitching for Pensacola Blue Wahoos : LHP Dave Schmidt
Pitching: LHP Dave Schmidt
Batting: RHB Tony Perez 0-0: Ball
1-0: DOUBLE (Flyball, 89D, EV 97.5 MPH)
Batting: RHB Chris Myers 0-0: Foul Ball, location: 2F
0-1: Foul Ball, location: 2F
0-2: Strikes out swinging
Batting: RHB Guan-pei Gao 0-0: Called Strike
0-1: Ball
1-1: Ball
2-1: Swinging Strike
2-2: Foul Ball, location: 2F
2-2: Strikes out swinging
Batting: RHB Alan Weller 0-0: Ball
1-0: SINGLE (Groundball, 6, EV 110.0 MPH)
Tony Perez to third
Runner from 3rd tries for Home, SAFE, throw by CF to home
Alan Weller to second
Batting: RHB Jose Corral 0-0: Foul Ball, location: 2F
0-1: Ball
1-1: Foul Ball, location: 2F
1-2: Ball
2-2: SINGLE (Groundball, 6D, EV 98.1 MPH)
Alan Weller to third
Runner from 3rd tries for Home, SAFE, throw by CF to home
Batting: RHB Prabhukumar Santhanakrishnan 0-0: Ball
1-0: Called Strike
1-1: Foul Ball, location: 2F
1-2: Ball
2-2: Ground out 1-3 (Groundball, P, EV 64.4 MPH)
Top of the 1st over - 2 runs, 3 hits, 0 errors, 1 left on base; Reading 2 - Pensacola 0
BOTTOM OF THE 1ST
Pensacola Blue Wahoos batting - Pitching for Reading Fightin Phils : LHP Shirou Yoshida
Pitching: LHP Shirou Yoshida
Batting: RHB Sang-ton Pak 0-0: Foul Ball, location: 2F
0-1: Foul Ball, location: 2F
0-2: Ball
1-2: Strikes out swinging
Batting: LHB Phil Lomax 0-0: Ball
1-0: SINGLE (Groundball, 6M, EV 91.2 MPH) (infield hit)
Batting: RHB Jordan Torres 0-0: Ball
1-0: Ball
2-0: Swinging Strike
2-1: Foul Ball, location: 2F
2-2: Ball
3-2: SINGLE (Groundball, 56D, EV 93.8 MPH)
Phil Lomax to second
Batting: RHB Dave Ruiz 0-0: Ball
1-0: Called Strike
1-1: Swinging Strike
1-2: Ball
2-2: Foul Ball, location: 2F
2-2: Ball
3-2: Strikes out looking
Batting: LHB Brian Snyder 0-0: Ball
1-0: Called Strike
1-1: Ball
2-1: Foul Ball, location: 2F
2-2: Foul Ball, location: 2F
2-2: Foul Ball, location: 2F
2-2: Foul Ball, location: 2F
2-2: Ball
3-2: Strikes out swinging
Bottom of the 1st over - 0 runs, 2 hits, 0 errors, 2 left on base; Reading 2 - Pensacola 0
TOP OF THE 2ND
Reading Fightin Phils batting - Pitching for Pensacola Blue Wahoos : LHP Dave Schmidt
Batting: LHB Danny Zuniga 0-0: Ball
1-0: Foul Ball, location: 2F
1-1: Fly out, F8 (Flyball, 89D, EV 93.1 MPH)
Batting: RHB Pablo Lopez 0-0: Called Strike
0-1: Ball
1-1: Ball
2-1: Ball
3-1: Foul Ball, location: 2F
3-2: Foul Ball, location: 2F
3-2: Strikes out swinging
Batting: LHB Doug Frampton 0-0: Called Strike
0-1: Swinging Strike
0-2: Strikes out swinging
Top of the 2nd over - 0 runs, 0 hits, 0 errors, 0 left on base; Reading 2 - Pensacola 0
BOTTOM OF THE 2ND
Pensacola Blue Wahoos batting - Pitching for Reading Fightin Phils : LHP Shirou Yoshida
Batting: RHB Steve Hansen 0-0: Called Strike
0-1: Ball
1-1: Swinging Strike
1-2: Foul Ball, location: 2F
1-2: Strikes out swinging
Batting: RHB Pat Mage 0-0: Ball
1-0: Ball
2-0: Ball
3-0: Called Strike
3-1: DOUBLE (Groundball, 5L, EV 99.4 MPH)
Batting: RHB Joe Kooyers 0-0: Ball
1-0: Foul Ball, location: 2F
1-1: Foul Ball, location: 2F
1-2: Ball
2-2: Strikes out swinging
Batting: RHB Matt Silva 0-0: Foul Ball, location: 2F
0-1: Ball
1-1: Ground out 6-3 (Groundball, 6, EV 88.1 MPH)
Bottom of the 2nd over - 0 runs, 1 hit, 0 errors, 1 left on base; Reading 2 - Pensacola 0
TOP OF THE 3RD
Reading Fightin Phils batting - Pitching for Pensacola Blue Wahoos : LHP Dave Schmidt
Batting: RHB Tony Perez 0-0: Called Strike
0-1: Bunt missed!
0-2: Fly out, F8 (Flyball, 8LD, EV 101.9 MPH)
Batting: RHB Chris Myers 0-0: Reached on error, E5 (Groundball, 5, EV 89.4 MPH)
Batting: RHB Guan-pei Gao 0-0: Ball
1-0: Foul Ball, location: 2F
1-1: Fly out, F8 (Flyball, 8LS, EV 92.5 MPH)
Batting: RHB Alan Weller 0-0: Called Strike
0-1: Ball
Chris Myers steals 2nd, throwing error, E2
Chris Myers to third
1-1: Ball
2-1: Foul Ball, location: 2F
2-2: Strikes out swinging
Top of the 3rd over - 0 runs, 0 hits, 2 errors, 1 left on base; Reading 2 - Pensacola 0
BOTTOM OF THE 3RD
Pensacola Blue Wahoos batting - Pitching for Reading Fightin Phils : LHP Shirou Yoshida
Batting: RHB Sang-ton Pak 0-0: Called Strike
0-1: SINGLE (Groundball, 4MD, EV 105.6 MPH)
Batting: LHB Phil Lomax 0-0: Ball
1-0: Called Strike
1-1: Ball
2-1: Ground out 4-3 (Groundball, 34D, EV 103.1 MPH)
Sang-ton Pak to second
Batting: RHB Jordan Torres 0-0: Ground out 5-3 (Groundball, 5, EV 106.2 MPH)
Batting: RHB Dave Ruiz 0-0: Called Strike
0-1: Ball
1-1: Ground out 3-1 (Groundball, 34S, EV 81.2 MPH)
Bottom of the 3rd over - 0 runs, 1 hit, 0 errors, 1 left on base; Reading 2 - Pensacola 0
TOP OF THE 4TH
Reading Fightin Phils batting - Pitching for Pensacola Blue Wahoos : LHP Dave Schmidt
Batting: RHB Jose Corral 0-0: Called Strike
0-1: Ground out 6-3 (Groundball, 6, EV 105.6 MPH)
Batting: RHB Prabhukumar Santhanakrishnan 0-0: Called Strike
0-1: Ball
1-1: Foul Ball, location: 2F
1-2: SINGLE (Groundball, 56S, EV 63.8 MPH) (infield hit)
Batting: LHB Danny Zuniga 0-0: Fly out, F6 (Popup, 6, EV 61.9 MPH)
Batting: RHB Pablo Lopez 0-0: Called Strike
0-1: Ball
1-1: Ball
2-1: Swinging Strike
2-2: Foul Ball, location: 2F
2-2: Ball
3-2: Strikes out swinging
Top of the 4th over - 0 runs, 1 hit, 0 errors, 1 left on base; Reading 2 - Pensacola 0
BOTTOM OF THE 4TH
Pensacola Blue Wahoos batting - Pitching for Reading Fightin Phils : LHP Shirou Yoshida
Batting: LHB Brian Snyder 0-0: Swinging Strike
0-1: Ball
1-1: Ball
2-1: Foul Ball, location: 2F
2-2: Strikes out looking
Batting: RHB Steve Hansen 0-0: Ball
1-0: Foul Ball, location: 2F
1-1: Foul Ball, location: 2F
1-2: Ball
2-2: Foul Ball, location: 2F
2-2: SINGLE (Line Drive, 34, EV 95.6 MPH)
Batting: RHB Pat Mage 0-0: Ball
1-0: Ball
2-0: Called Strike
2-1: Swinging Strike
2-2: Strikes out swinging
Batting: RHB Joe Kooyers 0-0: Foul Ball, location: 2F
0-1: Ball
1-1: Ball
2-1: Swinging Strike
2-2: Foul Ball, location: 2F
2-2: Ball
3-2: Strikes out swinging
Bottom of the 4th over - 0 runs, 1 hit, 0 errors, 1 left on base; Reading 2 - Pensacola 0
TOP OF THE 5TH
Reading Fightin Phils batting - Pitching for Pensacola Blue Wahoos : LHP Dave Schmidt
Batting: LHB Doug Frampton 0-0: Called Strike
0-1: Ball
1-1: Ball
2-1: Swinging Strike
2-2: Strikes out swinging
Batting: RHB Tony Perez 0-0: Ball
1-0: Ball
2-0: Foul Ball, location: 2F
2-1: Ball
3-1: SINGLE (Groundball, 6MS, EV 76.2 MPH) (infield hit)
Batting: RHB Chris Myers 0-0: Ball
1-0: Ball
2-0: Ball
3-0: Called Strike
3-1: SINGLE (Groundball, 34D, EV 102.5 MPH)
Tony Perez to second
Runner from 2nd tries for 3rd, SAFE, throw by RF made to third
Batting: RHB Guan-pei Gao 0-0: Called Strike
0-1: Ball
1-1: Ball
2-1: Ball
3-1: Base on Balls
Chris Myers to second
Batting: RHB Alan Weller 0-0: SINGLE (Groundball, 34, EV 105.0 MPH)
Tony Perez scores
Chris Myers to third
Guan-pei Gao to second
Runner from 3rd tries for Home, SAFE, throw by RF to home
Batting: RHB Jose Corral 0-0: Foul Ball, location: 2F
0-1: Ball
1-1: DOUBLE (Line Drive, 78M, EV 93.8 MPH)
Guan-pei Gao scores
Alan Weller to third
Pitching: LHP Omar Guardado
Batting: RHB Prabhukumar Santhanakrishnan 0-0: Foul Ball, location: 2F
0-1: Ball
1-1: Foul Ball, location: 2F
1-2: Ball
2-2: Ball
Wild Pitch!
Alan Weller scores
Jose Corral to third
3-2: Strikes out swinging
Batting: LHB Danny Zuniga 0-0: Called Strike
0-1: Ball
1-1: Foul Ball, location: 2F
1-2: Foul Ball, location: 2F
1-2: Strikes out swinging
Top of the 5th over - 4 runs, 4 hits, 0 errors, 1 left on base; Reading 6 - Pensacola 0
BOTTOM OF THE 5TH
Pensacola Blue Wahoos batting - Pitching for Reading Fightin Phils : LHP Shirou Yoshida
Batting: RHB Matt Silva 0-0: Ball
1-0: Ball
2-0: Foul Ball, location: 2F
2-1: Swinging Strike
2-2: Strikes out looking
Batting: RHB Sang-ton Pak 0-0: Ground out 4-3 (Groundball, 4, EV 80.0 MPH)
Batting: LHB Phil Lomax 0-0: Swinging Strike
0-1: Foul Ball, location: 2F
0-2: Foul Ball, location: 2F
0-2: Ball
1-2: Ball
2-2: Strikes out swinging
Bottom of the 5th over - 0 runs, 0 hits, 0 errors, 0 left on base; Reading 6 - Pensacola 0
TOP OF THE 6TH
Reading Fightin Phils batting - Pitching for Pensacola Blue Wahoos : LHP Omar Guardado
Batting: RHB Pablo Lopez 0-0: Called Strike
0-1: Ball
1-1: Ball
2-1: Foul Ball, location: 2F
2-2: Strikes out looking
Batting: LHB Doug Frampton 0-0: Called Strike
0-1: Called Strike
0-2: Ball
1-2: Ball
2-2: Strikes out swinging
Batting: RHB Tony Perez 0-0: Ball
1-0: Called Strike
1-1: Ball
2-1: Foul Ball, location: 2F
2-2: Foul Ball, location: 2F
2-2: Ball
3-2: Base on Balls
Batting: RHB Chris Myers 0-0: Swinging Strike
0-1: Ball
1-1: Ball
2-1: Called Strike
2-2: Strikes out swinging
Top of the 6th over - 0 runs, 0 hits, 0 errors, 1 left on base; Reading 6 - Pensacola 0
BOTTOM OF THE 6TH
Pensacola Blue Wahoos batting - Pitching for Reading Fightin Phils : LHP Shirou Yoshida
Pitching: RHP John Hughes
Batting: RHB Jordan Torres 0-0: Ball
1-0: Called Strike
1-1: Ground out 6-3 (Groundball, 6, EV 85.0 MPH)
Batting: RHB Dave Ruiz 0-0: Called Strike
0-1: Called Strike
0-2: Strikes out looking
Batting: LHB Brian Snyder 0-0: Ball
1-0: Ground out 4-3 (Groundball, 4, EV 99.4 MPH)
Bottom of the 6th over - 0 runs, 0 hits, 0 errors, 0 left on base; Reading 6 - Pensacola 0
TOP OF THE 7TH
Reading Fightin Phils batting - Pitching for Pensacola Blue Wahoos : LHP Omar Guardado
Batting: RHB Guan-pei Gao 0-0: Ball
1-0: Ball
2-0: Ball
3-0: Called Strike
3-1: Fly out, F7 (Flyball, 7, EV 89.4 MPH)
Batting: RHB Alan Weller 0-0: Called Strike
0-1: SINGLE (Groundball, 6D, EV 96.2 MPH)
Batting: RHB Jose Corral 0-0: Foul Ball, location: 2F
0-1: Ball
1-1: Ball
2-1: Called Strike
2-2: Ball
3-2: Strikes out swinging
Alan Weller steals 2nd base
Batter strikes out.
Batting: RHB Prabhukumar Santhanakrishnan 0-0: Called Strike
0-1: Ball
1-1: Foul Ball, location: 2F
1-2: Ball
2-2: SINGLE (Flyball, 8LS, EV 90.0 MPH)
Alan Weller to third
Runner from 3rd tries for Home, SAFE, throw by CF to home
Batting: LHB Danny Zuniga 0-0: Foul Ball, location: 2F
0-1: Swinging Strike
0-2: Foul Ball, location: 2F
0-2: Foul Ball, location: 2F
0-2: Strikes out looking
Top of the 7th over - 1 run, 2 hits, 0 errors, 1 left on base; Reading 7 - Pensacola 0
BOTTOM OF THE 7TH
Pensacola Blue Wahoos batting - Pitching for Reading Fightin Phils : RHP John Hughes
Batting: RHB Steve Hansen 0-0: Foul Ball, location: 2F
0-1: Ball
1-1: Ground out 6-3 (Groundball, 6, EV 84.4 MPH)
Batting: RHB Pat Mage 0-0: Fly out, F8 (Flyball, 8RD, EV 110.0 MPH)
Batting: RHB Joe Kooyers 0-0: Swinging Strike
0-1: Ground out 4-3 (Groundball, 4, EV 86.9 MPH)
Bottom of the 7th over - 0 runs, 0 hits, 0 errors, 0 left on base; Reading 7 - Pensacola 0
TOP OF THE 8TH
Reading Fightin Phils batting - Pitching for Pensacola Blue Wahoos : LHP Omar Guardado
Batting: RHB Pablo Lopez 0-0: Called Strike
0-1: Swinging Strike
0-2: Strikes out looking
Batting: LHB Doug Frampton 0-0: Reached on error, E4 (Groundball, 4, EV 86.2 MPH)
Pitching: RHP Gilbert Paparelli
Batting: RHB Tony Perez 0-0: Ball
1-0: Swinging Strike
1-1: Ball
2-1: Ball
3-1: Swinging Strike
3-2: Strikes out swinging
Batting: RHB Chris Myers 0-0: Ball
1-0: Foul Ball, location: 2F
1-1: Fly out, F9 (Flyball, 9D, EV 106.2 MPH)
Top of the 8th over - 0 runs, 0 hits, 1 error, 1 left on base; Reading 7 - Pensacola 0
BOTTOM OF THE 8TH
Pensacola Blue Wahoos batting - Pitching for Reading Fightin Phils : RHP John Hughes
Batting: RHB Matt Silva 0-0: Called Strike
0-1: Ball
1-1: Foul Ball, location: 2F
1-2: Ball
2-2: Ball
3-2: Base on Balls
Batting: RHB Sang-ton Pak 0-0: Called Strike
0-1: Swinging Strike
0-2: Ball
1-2: Ball
2-2: Strikes out swinging
Batting: LHB Phil Lomax 0-0: Foul Ball, location: 2F
0-1: SINGLE (Groundball, 56S, EV 76.2 MPH) (infield hit)
Matt Silva to second
Batting: RHB Jordan Torres 0-0: Ball
1-0: SINGLE (Groundball, 6D, EV 106.2 MPH)
Matt Silva to third
Phil Lomax to second
Runner from 3rd tries for Home, SAFE, throw by CF to home
Batting: RHB Dave Ruiz 0-0: Called Strike
0-1: Called Strike
0-2: Ball
1-2: Strikes out swinging
Pitching: LHP Eddie San Miguel
Batting: LHB Brian Snyder 0-0: Ball
1-0: Called Strike
1-1: SINGLE (Flyball, 56D, EV 83.1 MPH)
Phil Lomax to third
Jordan Torres to second
Runner from 3rd tries for Home, SAFE, throw by LF to home
Batting: RHB Steve Hansen 0-0: Swinging Strike
0-1: Swinging Strike
0-2: Ball
1-2: Strikes out swinging
Bottom of the 8th over - 2 runs, 3 hits, 0 errors, 2 left on base; Reading 7 - Pensacola 2
TOP OF THE 9TH
Reading Fightin Phils batting - Pitching for Pensacola Blue Wahoos : RHP Gilbert Paparelli
Batting: RHB Guan-pei Gao 0-0: Called Strike
0-1: Ball
1-1: Called Strike
1-2: Ball
2-2: Foul Ball, location: 2F
2-2: Strikes out swinging
Batting: RHB Alan Weller 0-0: Called Strike
0-1: Ball
1-1: Called Strike
1-2: Ball
2-2: Foul Ball, location: 2F
2-2: Strikes out swinging
Batting: RHB Jose Corral 0-0: Ball
1-0: SINGLE (Line Drive, 9S, EV 98.8 MPH)
Batting: RHB Prabhukumar Santhanakrishnan 0-0: Fly out, F9 (Flyball, 9, EV 94.4 MPH)
Top of the 9th over - 0 runs, 1 hit, 0 errors, 1 left on base; Reading 7 - Pensacola 2
BOTTOM OF THE 9TH
Pensacola Blue Wahoos batting - Pitching for Reading Fightin Phils : LHP Eddie San Miguel
Batting: RHB Pat Mage 0-0: Ball
1-0: Ball
2-0: Called Strike
2-1: Called Strike
2-2: Foul Ball, location: 2F
2-2: Ball
3-2: Base on Balls
Batting: RHB Joe Kooyers 0-0: Ball
1-0: Ball
2-0: Reached on error, E5 (Groundball, 56S, EV 86.9 MPH)
Pat Mage to second
Batting: RHB Matt Silva 0-0: Called Strike
0-1: Ball
1-1: Called Strike
1-2: Foul Ball, location: 2F
1-2: Ball
2-2: Strikes out swinging
Batting: RHB Sang-ton Pak 0-0: Grounds into double play, 6-4-3 (Groundball, 6S, EV 91.2 MPH)
Bottom of the 9th over - 0 runs, 0 hits, 1 error, 1 left on base; Reading 7 - Pensacola 2
Tuesday, March 28th , 2023 - OOTP Baseball 23.10 Build 110